 Dungeon Crawl Stone Soup version 0.28.0-1-gb440e238dd (webtiles) character file.

Game seed: 15554368919801841890

1 spaghetti the Sneak (level 1, -1/18 HPs)
             Began as a Demonspawn Delver on Feb 20, 2022.
             Was an Initiate of Trog.
             Splashed by a jelly's acid (9 damage)
             ... on level 5 of the Dungeon.
             The game lasted 00:01:01 (335 turns).

spaghetti the Sneak (Demonspawn Delver)              Turns: 335, Time: 00:01:02

Health: -1/18      AC:  3    Str: 12    XL:     1   Next: 16%
Magic:  1/1        EV: 11    Int: 11    God:    Trog [......]
Gold:   26         SH:  0    Dex: 14    Spells: 0/0 levels left

rFire   . . .      SeeInvis .   a - +0 hand axe
rCold   . . .      Faith    .   (no shield)
rNeg    . . .      Spirit   .   b - +0 leather armour
rPois   .          Reflect  .   (no helmet)
rElec   .          Harm     .   (no cloak)
rCorr   .          Rampage  .   (no gloves)
Will    .....                   (no boots)
Stlth   ++........              (no amulet)
HPRegen 0.06/turn               (no ring)
MPRegen 0.07/turn               (no ring)

@: no status effects
A: no striking features
a: Renounce Religion


You were on level 5 of the Dungeon.
You worshipped Trog.
Trog was noncommittal.
You visited 2 branches of the dungeon, and saw 3 of its levels.

You collected 26 gold pieces.

Inventory:

Hand Weapons
 a - a +0 hand axe (weapon)
Armour
 b - a +0 leather armour (worn)
Wands
 g - a wand of digging (3)
Scrolls
 c - a scroll of fog
 e - a scroll of fear
 i - a scroll of identify {unknown}
Potions
 f - a potion of haste
 h - a potion of brilliance {unknown}


   Skills:
 + Level 3.1 Fighting
 - Level 1.7 Axes
 - Level 1.7 Dodging
 - Level 4.5 Stealth


You couldn't memorise any spells.
You didn't know any spells.
Your spell library contained the following spells:

 Spells                   Type           Power      Damage    Failure   Level
 Summon Guardian Golem    Hex/Summ       0%         N/A       80%         3
 Orb of Destruction       Conj           0%         9d5       100%        7
 Spellforged Servitor     Conj/Summ      0%         N/A       100%        7


Dungeon Overview and Level Annotations

Branches:
Dungeon (6/15)             Temple (1/1) D:5

Altars:
Ashenzari
Dithmenos
Kikubaaqudgha
Makhleb
Ru
Trog
Uskayaw
Xom
The Shining One


Message History

There is a large open door here.
There is a glowing golden altar of the Shining One here.
There is a large open door here.
There is a large open door here.
There is a bloodstained altar of Trog here.
You kneel at the altar of Trog.
Trog welcomes you!
(D) Dungeon (T) Temple
Where to? (Enter - Temple @ (x,y), ? - help)
You open the large door.
There is a large open door here.
There is a large open door here.
There is a staircase back to the Dungeon here.
You climb upwards.
The jelly quivers.
There is a staircase to the Ecumenical Temple here.
There are monsters nearby!
You hit the quokka.
The quokka is severely wounded.
The quokka barely misses you. x2
You hit the quokka.
You kill the quokka!
Trog accepts your kill.
You hit the jelly.
Your hands burn!
The jelly is heavily wounded.
The jelly closely misses you.
You hit the jelly.
Your hands burn!
The jelly is severely wounded.
The jelly closely misses you.
You are too injured to fight recklessly!
You are too injured to fight recklessly!
You are too injured to fight recklessly!
You are too injured to fight recklessly!
You are too injured to fight recklessly!
You are too injured to fight recklessly!
You are too injured to fight recklessly!
An orc comes into view. It is wielding a +0 war axe.
The jelly hits you.
You are splashed with acid!
Ouch! That really hurt!
You die...

###*****************
#..,,,,,,,,,,,,,,,,*
#.#******<**,*****,*
#.#######,*,,,****,****
****#######...JJ@.#,*,,,,,,,,,,,,
*,,,........#####..)....,,,,,,,,,
*,**#######.####......#.,,,,,,**,
*,* #...J...........o****,,**,
*,* #.#J#.#.#.#....##* *,,**, *,*
#.............## ***,,**, *,*
#.#.......#..## *,,,,**, *,*
#............#*****,*,,**, *,*
#.#...>...#...,,,**+**,***


You could see 2 jellies and an orc (wandering).

Vanquished Creatures
  A quokka (D:5)
1 creature vanquished.

Notes
Turn   | Place    | Note
-------+----------+-------------------------------------------
     0 | D:5      | spaghetti the Demonspawn Delver began the quest for the
                  | Orb.
     0 | D:5      | Reached XP level 1. HP: 18/18 MP: 1/1
    28 | D:5      | Noticed a sky beast
    97 | D:5      | Found a staircase to the Ecumenical Temple.
   100 | D:5      | Noticed a jelly
   102 | D:5      | Noticed a jelly
   106 | Temple   | Entered the Ecumenical Temple
   303 | Temple   | Became a worshipper of Trog the Wrathful
   335 | D:5      | Splashed by a jelly's acid

Illustrated notes

Levels and vault maps discovered:
D:5:      layout_loops_ring, lemuel_crystal_altar, minmay_temple_entry_glass,
          gammafunk_ghost_split, minmay_liquid_box
D:6:      layout_gridville, chei_slow_surprise, chequers_decorated_corner,
          feat_on_display, uniq_edmund
Temple:   grunt_temple_mini_profane

Action                   || total
-------------------------++-------
Melee: Hand axe          ||     4
  Use: Scroll            ||     1
Dodge: Dodged            ||     4
